 Dungeon Crawl Stone Soup version 0.28-a0-1227-ga9037bb4c8 (webtiles) character file.

Game seed: 12902237175259800546

14 BinkBink the Poker (level 2, 0/24 HPs)
             Began as a Formicid Monk on Dec 22, 2021.
             Slain by a gnoll (9 damage)
             ... on level 1 of the Dungeon.
             The game lasted 00:01:10 (435 turns).

BinkBink the Poker (Formicid Monk)                   Turns: 435, Time: 00:01:10

Health: 0/24       AC:  2    Str: 15    XL:     2   Next: 55%
Magic:  2/2        EV: 12    Int:  9    God:
Gold:   0          SH:  0    Dex: 13    Spells: 1/1 levels left

rFire   . . .      SeeInvis +   a - +0 spear
rCold   . . .      Faith    .   (no shield)
rNeg    . . .      Spirit   .   b - +0 robe
rPois   .          Reflect  .   (helmet unavailable)
rElec   .          Harm     .   (no cloak)
rCorr   .          Rampage  .   (no gloves)
Will    .....                   (no boots)
Stlth   +.........              (no amulet)
HPRegen 0.08/turn               (no ring)
MPRegen 0.08/turn               (no ring)

@: very slow
A: permanent stasis, dig shafts and tunnels, antennae 3, four strong arms
a: Dig, Shaft Self


You were on level 1 of the Dungeon.
You visited 1 branch of the dungeon, and saw 1 of its levels.

Inventory:

Hand Weapons
 a - a +0 spear (weapon)
Armour
 b - a +0 robe (worn)
Scrolls
 d - 2 scrolls of summoning {unknown}
Potions
 c - a potion of haste {unknown}


   Skills:
 - Level 3.2 Fighting
 + Level 3.3 Polearms
 + Level 1.4 Armour
 - Level 2.6 Dodging
 - Level 2.4 Stealth


You had one spell level left.
You didn't know any spells.
Your spell library was empty.

Dungeon Overview and Level Annotations

Branches:
Dungeon (1/15)

Altars:


Innate Abilities, Weirdness & Mutations

You cannot be hasted, slowed, berserked, paralysed or teleported.
You can dig through walls and to a lower floor.
You have a pair of large antennae on your head. (SInv)
Your four strong arms can wield two-handed weapons with a shield.


Message History

You sense a monster nearby.
A hobgoblin and a kobold come into view.
The hobgoblin shouts!
The kobold shouts!
You hit the hobgoblin.
The hobgoblin is lightly wounded.
The hobgoblin barely misses you.
You hit the hobgoblin but do no damage.
The hobgoblin is lightly wounded.
The hobgoblin closely misses you.
You hit the hobgoblin.
The hobgoblin is moderately wounded.
The hobgoblin misses you.
You hit the hobgoblin.
You kill the hobgoblin!
You hit the kobold.
You kill the kobold!
Things that are here:
a +0 short sword; a kobold corpse; a hobgoblin corpse You open the door.
There is an open door here.
You sense a monster nearby.
A kobold comes into view. It is wielding a +0 dagger.
A kobold opens the door.
A gnoll comes into view. It is wielding a +0 flail.
You reach to attack!
You closely miss the kobold.
The kobold shouts!
You barely miss the kobold. The kobold completely misses you.
You hit the kobold.
You kill the kobold!
You hit the gnoll but do no damage. The gnoll hits you with a +0 flail!
You hit the gnoll but do no damage. The gnoll hits you with a +0 flail.
You are too injured to fight recklessly!
You are too injured to fight recklessly!
A gnoll breaks down the door.
There is an open door here.
You enter the shallow water.
Moving in this stuff is going to be slow.
The gnoll hits you with a +0 flail! x2
You die...

#.###...#.# ..# .# #......
.#.####.#.# #...##+##. +......
#.## #.#.# #.#......#####......
.#.# #...#.##.#......'...'......
#.## ##..#.##.#...)....##.).....
#.#####..#.##.##'#'#.#..#...#...
###..........####.#.#......#...
#.###...........≈...#.##....##.##
#..........#....@...#.##....##.#
#####......#...g≈......##..##(.#
#......#...#≈#.....##..##).#
######.....#≈#..#...####...#
#.......#≈# .# .. ##..##
########......#### .# . #..##
.......'......+ # #..##
########......# #.. #..# ##..##
#).....# #..#...####...##


You could see a gnoll.

Vanquished Creatures
  2 endoplasms (D:1)
  A giant cockroach (D:1)
  2 goblins (D:1)
  2 hobgoblins (D:1)
  2 bats (D:1)
  2 kobolds (D:1)
  A rat (D:1)
12 creatures vanquished.

Notes
Turn   | Place    | Note
-------+----------+-------------------------------------------
     0 | D:1      | BinkBink the Formicid Monk began the quest for the Orb.
     0 | D:1      | Reached XP level 1. HP: 18/18 MP: 1/1
   126 | D:1      | Reached skill level 1 in Armour
   126 | D:1      | Reached XP level 2. HP: 9/24 MP: 2/2
   435 | D:1      | Slain by a gnoll

Illustrated notes

Levels and vault maps discovered:
D:1:      lightli_arrival_chessboard, layout_basic, serial_shops,
          nicolae_lakefront_shop, shapermc_ecumenical_altar_venn,
          chequers_serial_rivers_micro_b, minmay_misc_feat_x

Skill      XL: |  1 |
---------------+----+-----
Armour         | 1 |  1.4
Fighting       | |  3.2
Polearms       | |  3.3
Dodging        | |  2.6
Stealth        | |  2.4

Action                   || total
-------------------------++-------
Melee: Spear             ||    43
 Stab: Sleeping          ||     3
Armor: Robe              ||     4
Dodge: Dodged            ||    16

Table legend: (Time is in decaauts)
 A = Elapsed time spent in this place.
 B = Non-inter-level travel time spent in this place.
 C = Inter-level travel time spent in this place.
 D = Time resting spent in this place.
 E = Time spent auto-exploring this place.
 F = Levels seen in this place.
 G = Mean time per level.
                   A        B        C        D        E       F      G
               +--------+--------+--------+--------+--------+-----+--------+
         Total |    432 |    432 |      0 |      0 |    275 |   1 |  432.0 |
       Dungeon |    432 |    432 |      0 |      0 |    275 |   1 |  432.0 |
               +--------+--------+--------+--------+--------+-----+--------+

Top non-repeatable levels by time:
     D:1: 432 daAuts
